 Dungeon Crawl Stone Soup version bcrawl-1.27.8b (webtiles) character file.

Game seed: 15838277166158138619

221221 LostNumber the Chopper (level 7, -4/53 HPs)
             Began as a Demonspawn Archaeologist on Nov 5, 2020.
             Slain by Dowan
             ... wielding a +0 dagger
              (5 damage)
             ... on level 4 of the Dungeon.
             The game lasted 00:04:28 (3396 turns).

LostNumber the Chopper (Demonspawn Archaeologist)   Turns: 3396, Time: 00:04:28

Health: -4/53      AC:  9    Str: 14    XL:     7   Next: 15%
Magic:  7/7        EV:  9    Int: 15    God:
Gold:   290        SH:  5    Dex: 14    Spells: 6/6 levels left

rFire    . . .     SeeInvis .   p - +3 hand axe
rCold    . . .     Gourm    .   f - +1 buckler {rPois}
rNeg     . . .     Faith    .   j - +0 scale mail
rPois    +         Spirit   .   c - +1 hat
rElec    .         Reflect  .   (no cloak)
rCorr    .         Harm     .   (no gloves)
MR       .....                  d - +1 pair of boots
Stlth    ++........             (no amulet)
HPRegen  0.17/turn              (no ring)
MPRegen  0.10/turn              (no ring)

@: no status effects
A: hooves 1, flexible skeleton 1, nightstalker 1
a: no special abilities


You were on level 4 of the Dungeon.
You were hungry.

You visited 1 branch of the dungeon, and saw 4 of its levels.

You collected 290 gold pieces.

Inventory:

Hand Weapons
 a - a +0 whip
 o - a -1 short sword
   (You found it on level 2 of the Dungeon)
 p - a +3 hand axe (weapon)
   (You found it on level 2 of the Dungeon)
Missiles
 q - a throwing net {=f!f}
Armour
 b - a +1 robe
 c - a +1 hat (worn)
 d - a +1 pair of boots (worn)
 f - a +1 buckler of poison resistance (worn)
   (You acquired it on level 3 of the Dungeon)
 j - a +0 scale mail (worn)
   (You found it on level 1 of the Dungeon)
Scrolls
 g - a scroll of magic mapping
 h - 5 scrolls of identify {@r1}
 l - 2 scrolls of remove curse {@r2}
 n - 3 scrolls of amnesia {unknown}
 t - 2 scrolls of teleportation {unknown}
 u - a scroll of noise {unknown}
Potions
 i - 3 potions of curing {unknown}
 m - a potion of degeneration {unknown}
 r - a potion of lignification {unknown}
 s - a potion of mutation {unknown}
Comestibles
 e - 10 rations {!d!d}
 k - a chunk of flesh


   Skills:
 - Level 3.6 Fighting
 * Level 5.4(5.5) Axes
 - Level 1.0(3.5) Maces & Flails
 - Level 0.2 Armour
 - Level 3.5 Dodging
 - Level 3.0 Stealth


You had 6 spell levels left.
You didn't know any spells.
Your spell library was empty.

Dungeon Overview and Level Annotations

Branches:
Dungeon (4/12)
 Temple: D:4-7

Altars:
Dithmenos
Trog

Annotations:
D:4 Blork the orc, Dowan, Duvessa


Innate Abilities, Weirdness & Mutations

You have large cloven feet.
Your skeleton is somewhat flexible. (Dex +3)
You are slightly more attuned to the shadows.


Message History

You kill the ice beast!
Your Axes skill increases to level 5!
You have reached level 7!
You hit something. Something hits you but does no damage.
You hit something. Something hits you but does no damage.
You hit something. Something hits you but does no damage.
You slash something!
Reactivating autopickup.
You feel a bit more experienced.
Unknown command.
You hit the orc.
You kill the orc!
You slash the orc priest!
The orc priest hits you but does no damage.
You barely miss the orc priest. You block the orc priest's attack.
You closely miss the orc priest.
The orc priest hits you but does no damage.
Unknown command.
You slash the orc priest!
You kill the orc priest!
Unknown command.
Items here: ))) [[ †
There is an open door here.
You are feeling hungry.
You open the door.
There is an open door here.
Duvessa and Dowan come into view.
Duvessa shouts!
Blork the orc comes into view.
He is wielding a +0 long sword.
Dowan shouts!
Unknown command.
Blork the orc shouts!
You hit Duvessa.
Duvessa hits you with a cursed -3 short sword.
* * * LOW HITPOINT WARNING * * *
Blork the orc gestures wildly while chanting.
Blork the orc seems to speed up.
You closely miss Duvessa. You hit Dowan. Duvessa hits you but does no damage.
Dowan hits you but does no damage.
Unknown command.
You slash Duvessa! You hit Dowan.
Blork the orc begins to cast a cantrip, but forgets the words!
Duvessa hits you with a cursed -3 short sword.
* * * LOW HITPOINT WARNING * * *
Dowan says, "My weaknesses are her strengths!"
Dowan hits you with a +0 dagger.
You die...

.....÷...))'.........+
#####...####.........#
##.## ##.......#
##...## ##.....##
##.#.#.## ##...##
###....##.## ##'##
...........# #.#
###.#...##.# #.# #
#.#..###.# #@# #
#.#..###.#


#oee# # #........# #.....# # ###..##..####...## # #..##..........
#####..###.######### ...........# ############ You could see Duvessa, Blork the
orc and Dowan.

Vanquished Creatures
  2 ice beasts
  A water moccasin skeleton (D:4)
  A hound (D:2)
  An orc priest (D:4)
  Natasha (D:3)
  An orc wizard (D:4)
  2 worker ants
  A hound skeleton (D:3)
  5 gnolls
  5 adders
  An ooze (D:1)
  3 worms
  3 dart slugs
  2 leopard geckos (D:3)
  4 orcs
  4 bats
  5 giant cockroaches
  6 goblins
  6 hobgoblins
  5 jackals
  12 kobolds
  2 quokkas
  A ball python (D:1)
  4 frilled lizards
  10 rats
88 creatures vanquished.

Notes
Turn   | Place    | Note
-------+----------+-------------------------------------------
     0 | D:1      | LostNumber the Demonspawn Archaeologist began the quest for
                  | the Orb.
     0 | D:1      | Reached XP level 1. HP: 15/15 MP: 1/1
   159 | D:1      | Gained mutation: You have large cloven feet. [demonic
                  | ancestry]
   159 | D:1      | Reached XP level 2. HP: 22/22 MP: 2/2
   568 | D:1      | Reached XP level 3. HP: 27/28 MP: 3/3
  1070 | D:2      | Reached XP level 4. HP: 28/35 MP: 4/4
  1765 | D:2      | Reached skill level 1 in Maces & Flails
  1785 | D:2      | Noticed a moth of wrath
  1788 | D:2      | Found a bloodstained altar of Trog.
  2105 | D:3      | Reached skill level 1 in Axes
  2117 | D:3      | Gained mutation: You are slightly more attuned to the
                  | shadows. [demonic ancestry]
  2117 | D:3      | Reached XP level 5. HP: 20/42 MP: 5/5
  2117 | D:3      | Identified a scroll of acquirement
  2123 | D:3      | Identified the ring "Ytiavit" {Ice rElec rPois MR-} (You
                  | acquired it on level 3 of the Dungeon)
  2317 | D:3      | Noticed an ice beast
  2332 | D:3      | Killed an ice beast
  2332 | D:3      | Reached skill level 3 in Axes
  2358 | D:3      | Noticed Natasha
  2371 | D:3      | Killed Natasha
  2371 | D:3      | Gained mutation: Your skeleton is somewhat flexible. (Dex
                  | +3) [demonic ancestry]
  2371 | D:3      | Reached XP level 6. HP: 32/48 MP: 6/6
  2545 | D:3      | Found a shadowy altar of Dithmenos.
  3095 | D:4      | Reached skill level 4 in Axes
  3351 | D:4      | Noticed an ice beast
  3368 | D:4      | HP: 1/48 [ice beast (12)]
  3372 | D:4      | Killed an ice beast
  3372 | D:4      | Reached skill level 5 in Axes
  3372 | D:4      | Reached XP level 7. HP: 2/53 MP: 7/7
  3391 | D:4      | Noticed Duvessa
  3391 | D:4      | Noticed Dowan
  3392 | D:4      | Noticed Blork the orc
  3396 | D:4      | HP: 1/53 [Duvessa/cursed -3 short sword (2)]
  3396 | D:4      | Slain by Dowan

Skill      XL: |  1  2  3  4  5  6 |
---------------+-------------------+-----
Fighting       | 2 3 |  3.6
Dodging        | 3 |  3.5
Maces & Flails | 1 |  1.0
Axes           | 1 3 5 |  5.4
Armour         | |  0.2
Stealth        | |  3.0

Action                   |  1- 3 |  4- 6 |  7- 9 || total
-------------------------+-------+-------+-------++-------
Melee: Whip              |   155 |    53 |       ||   208
       Hand axe          |       |   183 |    12 ||   195
  Use: Scroll            |       |     2 |       ||     2
 Stab: Sleeping          |     1 |     5 |       ||     6
       Distracted        |       |     1 |       ||     1
  Eat: Chunk             |     4 |    15 |       ||    19
Armor: Scale mail        |    95 |    94 |     6 ||   195
Dodge: Dodged            |    69 |    95 |       ||   164
Block: Buckler           |       |    31 |     1 ||    32
